 Dungeon Crawl Stone Soup version 0.26-a0-613-g4f23886233 (webtiles) character file.

Game seed: 13245477777992930666

50 Descartes the Sneak (level 3, -3/32 HPs)
             Began as a Naga Warper on Sept 11, 2020.
             Slain by an adder (5 damage)
             ... on level 2 of the Dungeon.
             The game lasted 00:03:13 (1648 turns).

Descartes the Sneak (Naga Warper)                   Turns: 1648, Time: 00:03:14

Health: -3/32      AC:  2    Str: 12 (13) XL:     3   Next: 79%
Magic:  6/6        EV:  9    Int: 12 (13) God:
Gold:   55         SH:  0    Dex:  8 (11) Spells: 6/6 levels left

rFire    . . .     SeeInvis +   a - +0 falchion
rCold    . . .     Faith    .   (no shield)
rNeg     . . .     Spirit   .   b - +0 leather armour
rPois    +         Reflect  .   (no helmet)
rElec    .         Harm     .   (no cloak)
rCorr    .                      (no gloves)
MR       .....                  (no barding)
Stlth    ++........             (no amulet)
HPRegen  0.10/turn              (no ring)
MPRegen  0.10/turn              (no ring)

@: very slow
A: large, see invisible, deformed body, poison resistance, slowness 2, spit
poison 1, AC +1
a: Spit Poison


You were on level 2 of the Dungeon.
You visited 1 branch of the dungeon, and saw 2 of its levels.

You collected 55 gold pieces.

Inventory:

Hand Weapons
 a - a +0 falchion (weapon)
 g - a +0 short sword of draining
 h - a +0 hunting sling
Missiles
 e - 5 boomerangs of dispersal (quivered)
 j - 19 arrows
 k - 6 stones
 m - 15 sling bullets
Armour
 b - a +0 leather armour (worn)
 c - a +0 chain mail
Scrolls
 d - 2 scrolls of blinking
 i - a scroll of remove curse {unknown}
 l - a scroll of enchant armour {unknown}


   Skills:
 + Level 2.1 Fighting
 - Level 2.0 Long Blades
 - Level 0.8 Throwing
 + Level 1.0 Armour
 - Level 1.5 Dodging
 - Level 5.0 Stealth
 - Level 2.0 Spellcasting
   Level 3.0 Translocations


You had 6 spell levels left.
You didn't know any spells.
Your spell library contained the following spells:

 Spells                   Type           Power        Failure   Level
 Blink                    Tloc           N/A          16%         2
 Gell's Gravitas          Tloc           #.........   30%         3
 Lesser Beckoning         Tloc           #.........   30%         3
 Teleport Other           Tloc           #.......     30%         3
 Passage of Golubria      Tloc           N/A          69%         4


Dungeon Overview and Level Annotations

Branches:
Dungeon (2/15)

Altars:


Innate Abilities, Weirdness & Mutations

You cannot wear boots.
Your serpentine skin is tough. (AC +1)
You have supernaturally acute eyesight. (SInv)
Armour fits poorly on your strangely shaped body.
Your system is resistant to poisons. (rPois)
You cover ground very slowly.
You can spit poison.


Message History

You hit the kobold.
You kill the kobold!
The adder bites you.
* * * LOW HITPOINT WARNING * * *
You hit the adder.
The adder is lightly wounded.
You have got your breath back.
The adder barely misses you. The hobgoblin hits you with a +0 club.
* * * LOW HITPOINT WARNING * * *
The adder closely misses you.
It was a potion of degeneration.
There was something very wrong with that liquid.
You feel weakened.
You feel dopey.
You feel clumsy. The hobgoblin hits you with a +0 club.
* * * LOW HITPOINT WARNING * * *
The adder bites you but does no damage.
You hit the adder.
The adder is lightly wounded.
The adder bites you.
You die...

###. #... #... ...
###.########### .
#....[g.......#
...#..>?bS@....?.#
..$.....#######..#
......)(# #..#
........#
##.#######
####.....
#........ #.....#
#...##### #.....#
#...#... ......#
#.#<#.# .......#
#.#...#


You could see an adder, a hobgoblin and a bat.

Vanquished Creatures
  An adder (D:2)
  A leopard gecko (D:1)
  A ball python (D:1)
  3 bats (D:1)
  8 giant cockroaches
  5 goblins (D:1)
  4 hobgoblins (D:1)
  4 jackals (D:1)
  A quokka (D:2)
  A frilled lizard (D:1)
  5 kobolds
  A rat (D:1)
35 creatures vanquished.

Notes
Turn   | Place    | Note
-------+----------+-------------------------------------------
     0 | D:1      | Descartes the Naga Warper began the quest for the Orb.
     0 | D:1      | Reached XP level 1. HP: 19/19 MP: 3/3
    14 | D:1      | Reached skill level 1 in Stealth
   163 | D:1      | Reached skill level 2 in Stealth
   168 | D:1      | Reached XP level 2. HP: 16/26 MP: 5/5
   193 | D:1      | Reached skill level 3 in Stealth
   602 | D:1      | Reached skill level 4 in Stealth
   611 | D:1      | Reached XP level 3. HP: 14/32 MP: 6/6
  1637 | D:2      | Reached skill level 1 in Armour
  1638 | D:2      | Reached skill level 5 in Stealth
  1648 | D:2      | Slain by an adder

Illustrated notes

Levels and vault maps discovered:
D:1:      minmay_arrival_four_houses, layout_basic
D:2:      layout_basic

Skill      XL: |  1  2  3 |
---------------+----------+-----
Stealth        | 2 4 5 |  5.0
Armour         | 1 |  1.0
Fighting       | |  2.1
Long Blades    | |  2.0
Throwing       | |  0.8
Dodging        | |  1.5
Spellcasting   | |  2.0
Translocations | |  3.0

Action                   || total
-------------------------++-------
Melee: Falchion          ||   116
 Abil: Spit Poison       ||     1
  Use: Potion            ||     1
 Stab: Sleeping          ||     4
Armor: Leather armour    ||    28
Dodge: Dodged            ||    78
       Rpst.: Falchion   ||    27

Table legend: (Time is in decaauts)
 A = Elapsed time spent in this place.
 B = Non-inter-level travel time spent in this place.
 C = Inter-level travel time spent in this place.
 D = Time resting spent in this place.
 E = Time spent auto-exploring this place.
 F = Levels seen in this place.
 G = Mean time per level.
                   A        B        C        D        E       F      G
               +--------+--------+--------+--------+--------+-----+--------+
         Total |   1924 |   1861 |     63 |      0 |   1568 |   2 |  962.0 |
       Dungeon |   1924 |   1861 |     63 |      0 |   1568 |   2 |  962.0 |
               +--------+--------+--------+--------+--------+-----+--------+

Top non-repeatable levels by time:
     D:1: 1833 daAuts
     D:2: 91 daAuts
